Map: Chantier naval orbital

Players

AgCl - Winner!

  • Race: Protoss Protoss

ptibiscuit

  • Race: Zerg Zerg

VOD

Have the link to the VOD?

Description

Time

  • Played on: May 12, 2015, 6:38 a.m.
  • Length: 23:47
Show
View Real Time Build Order
Export as new Build Order

AgCl Protoss - Winner!

Build Orders:  

Get SALT Encoding   

  12  0:09  Pylon  
  12  0:13  Probe  
  13  0:28  Forge  
  13  0:32  Probe  
  14  0:44  Probe  
  15  0:56  Probe  
  16  1:03  Assimilator  
  16  1:08  Probe  
  17  1:11  Pylon  
  17  1:14  Pylon  
  17  1:20  Probe (Chrono Boost)  
  18  1:32  Probe (Chrono Boost), Photon Cannon  
  20  1:40  Probe (Chrono Boost)  
  20  1:44  Gateway  
  20  1:49  Probe (Chrono Boost)  
  22  2:01  Probe (Chrono Boost)  
  22  2:10  Probe (Chrono Boost)  
  23  2:20  Probe  
  24  2:24  Nexus  
  24  2:32  Probe (Chrono Boost)  
  25  2:37  Cybernetics Core  
  25  2:39  Assimilator  
  25  2:44  Probe (Chrono Boost)  
  26  2:48  Pylon  
  26  2:50  Probe (Chrono Boost)  
  27  3:01  Pylon  
  27  3:02  Probe  
  28  3:14  Probe  
  28  3:15  Photon Cannon  
  28  3:19  Pylon  
  29  3:25  Photon Cannon  
  29  3:26  Probe  
  30  3:35  Pylon  
  30  3:36  Probe  
  30  3:38  Probe (Chrono Boost)  
  30  3:47  Stargate, Warp Gate  
  30  3:50  Probe (Chrono Boost)  
  32  3:56  Probe (Chrono Boost)  
  32  3:59  Adept  
  32  4:02  Mothership Core (Chrono Boost)  
  37  4:04  Probe (Chrono Boost)  
  37  4:10  Pylon  
  37  4:11  Probe (Chrono Boost)  
  39  4:17  Probe (Chrono Boost)  
  39  4:21  Probe (Chrono Boost)  
  39  4:22  Nexus  
  40  4:24  Pylon  
  40  4:25  Probe (Chrono Boost)  
  40  4:28  Probe  
  42  4:34  Oracle (Chrono Boost)  
  42  4:37  Probe  
  46  4:40  Probe  
  47  4:49  Probe (Chrono Boost)  
  47  4:55  Probe (Chrono Boost)  
  47  4:58  Pylon  
  47  5:01  Probe (Chrono Boost)  
  47  5:03  Pylon  
  49  5:08  Probe (Chrono Boost)  
  49  5:09  Probe (Chrono Boost), Assimilator  
  49  5:10  Assimilator  
  50  5:15  Oracle (Chrono Boost)  
  50  5:16  Probe  
  50  5:18  Probe  
  55  5:29  Probe  
  55  5:30  Probe  
  57  5:38  Probe  
  57  5:39  Gateway  
  57  5:41  Probe, Photon Cannon, Gateway  
  59  5:46  Probe  
  60  5:50  Probe, Pylon  
  60  5:52  Photon Cannon  
  60  5:54  Probe (Chrono Boost)  
  59  6:05  Probe (Chrono Boost)  
  59  6:11  Probe (Chrono Boost), Gateway  
  61  6:13  Pylon, Protoss Ground Weapons Level 1 (Chrono Boost)  
  61  6:15  Probe (Chrono Boost)  
  62  6:18  Gateway  
  62  6:19  Probe, Assimilator  
  62  6:20  Probe  
  64  6:26  Assimilator  
  64  6:28  Void Ray (Chrono Boost)  
  64  6:32  Protoss Air Weapons Level 1  
  68  6:35  Probe  
  69  6:40  Probe  
  69  6:41  Probe  
  71  6:48  Pylon  
  71  6:50  Probe  
  71  6:52  Photon Cannon  
  72  6:54  Probe  
  72  7:00  Photon Cannon  
  73  7:05  Pylon  
  73  7:08  Pylon  
  76  7:15  Probe (Chrono Boost)  
  76  7:16  Probe x2 (Chrono Boost)  
  76  7:23  Probe (Chrono Boost)  
  76  7:27  Probe (Chrono Boost)  
  55  7:34  Adept x3  
  55  7:35  Adept  
  59  7:38  Probe (Chrono Boost)  
  59  7:40  Probe (Chrono Boost)  
  59  7:43  Probe (Chrono Boost)  
  62  7:48  Probe (Chrono Boost), Photon Cannon  
  61  8:00  Pylon  
  61  8:02  Gateway  
  61  8:03  Gateway  
  61  8:10  Photon Cannon  
  61  8:12  Photon Cannon  
  61  8:20  Void Ray (Chrono Boost)  
  61  8:25  Nexus  
  60  8:27  Pylon  
  54  8:41  Probe (Chrono Boost)  
  51  8:43  Probe (Chrono Boost)  
  51  8:45  Probe (Chrono Boost)  
  51  8:46  Protoss Shields Level 1 (Chrono Boost)  
  51  8:47  Adept  
  55  8:50  Probe (Chrono Boost)  
  55  8:53  Probe (Chrono Boost)  
  56  8:57  Probe  
  56  8:59  Adept  
  59  9:07  Probe (Chrono Boost)  
  60  9:11  Probe (Chrono Boost)  
  63  9:17  Probe (Chrono Boost)  
  63  9:19  Photon Cannon  
  63  9:20  Probe x2 (Chrono Boost)  
  63  9:22  Void Ray (Chrono Boost)  
  68  9:29  Twilight Council  
  68  9:32  Probe  
  68  9:34  Pylon, Assimilator  
  69  9:39  Adept  
  71  9:56  Fleet Beacon  
  71  9:57  Probe (Chrono Boost)  
  73  10:02  Probe (Chrono Boost)  
  75  10:07  Probe x2 (Chrono Boost)  
  76  10:15  Probe x2 (Chrono Boost)  
  76  10:20  Probe (Chrono Boost)  
  79  10:29  Probe (Chrono Boost)  
  79  10:37  Probe (Chrono Boost)  
  79  10:41  Probe (Chrono Boost)  
  82  10:42  Probe (Chrono Boost)  
  82  10:43  Gateway  
  82  10:44  Photon Cannon, Assimilator  
  82  10:46  Assimilator  
  82  10:53  Probe x3  
  83  10:57  Pylon  
  83  10:59  Pylon, Photon Cannon  
  83  11:02  Carrier (Chrono Boost)  
  79  11:18  Probe x2  
  79  11:20  Pylon  
  79  11:21  Probe  
  79  11:22  Pylon  
  88  11:33  Robotics Facility  
  88  11:38  Pylon  
  88  11:40  Graviton Catapult (Chrono Boost)  
  88  11:43  Shield Upgrade  
  88  11:44  Probe  
  89  11:48  Photon Cannon  
  89  11:54  Probe  
  89  11:55  Probe  
  89  12:00  Protoss Air Weapons Level 2 (Chrono Boost), Pylon  
  91  12:11  Stalker x2  
  91  12:12  Carrier (Chrono Boost)  
  91  12:13  Probe  
  96  12:23  Photon Cannon  
  96  12:25  Observer  
  103  12:38  Gateway  
  103  12:40  Pylon  
  103  12:47  Observer  
  104  13:05  Gateway  
  104  13:07  Gateway, Stargate  
  104  13:10  Pylon  
  104  13:16  Photon Cannon  
  104  13:17  Gateway  
  104  13:21  Gateway  
  104  13:23  Pylon  
  104  13:24  Warp Prism  
  106  13:42  Gateway  
  106  13:46  Photon Cannon  
  106  13:50  Gateway  
  106  14:03  Nexus  
  106  14:08  Pylon, Assimilator  
  104  14:12  Carrier x2 (Chrono Boost)  
  98  14:32  Protoss Air Weapons Level 3  
  98  14:36  Protoss Ground Weapons Level 2 (Chrono Boost)  
  106  14:41  Charge (Chrono Boost)  
  104  14:52  Photon Cannon  
  104  14:56  Photon Cannon  
  104  15:16  Probe x4  
  104  15:19  Carrier (Chrono Boost)  
  104  15:20  Carrier (Chrono Boost)  
  108  15:26  Templar Archives  
  108  15:29  Dark Shrine  
  115  16:07  Psionic Storm  
  115  16:11  Adept x2  
  117  16:17  Nexus  
  119  16:29  Photon Cannon  
  119  17:03  Carrier (Chrono Boost)  
  119  17:12  Stalker  
  121  17:19  Photon Cannon  
  121  17:20  Protoss Air Armor Level 1 (Chrono Boost)  
  121  17:22  Protoss Ground Weapons Level 3 (Chrono Boost)  
  121  17:23  Assimilator  
  121  17:25  Phoenix (Chrono Boost)  
  121  17:28  Pylon  
  129  17:40  Assimilator  
  129  17:43  Assimilator  
  129  18:02  Photon Cannon  
  129  18:09  Adept x2  
  129  18:10  Adept x2  
  133  18:18  Photon Cannon  
  133  18:19  Pylon  
  131  18:20  Carrier x2 (Chrono Boost)  
  131  18:27  Pylon  
  131  18:36  Gateway  
  131  18:39  Gateway  
  143  18:49  Stalker  
  143  18:50  Stalker x2  
  149  18:59  Protoss Air Armor Level 2 (Chrono Boost)  
  147  19:15  Forge  
  147  19:17  Pylon  
  144  19:37  Photon Cannon  
  144  19:41  Carrier (Chrono Boost)  
  144  19:42  Carrier (Chrono Boost)  
  144  19:46  Protoss Shields Level 2 (Chrono Boost)  
  156  20:18  Pylon  
  156  20:34  Pylon  
  156  20:39  Carrier (Chrono Boost)  
  156  20:51  Adept x2, Nexus  
  156  20:52  Adept x2  
  156  20:53  Assimilator  
  164  20:57  Assimilator  
  170  21:05  Pylon  
  170  21:07  Pylon  
  164  21:17  Pylon  
  164  21:28  Photon Cannon  
  164  21:30  Pylon  
  163  21:39  Carrier  
  160  21:48  Photon Cannon  
  160  21:51  Photon Cannon  
  160  21:52  Photon Cannon  
  166  22:04  Protoss Ground Armor Level 1 (Chrono Boost)  
  148  22:32  Stargate  
  148  22:37  Gateway  
  148  22:40  Dark Templar  
  148  22:43  Dark Templar  
Show
View Real Time Build Order
Export as new Build Order

ptibiscuit Zerg 

Build Orders: Hatch First 

Get SALT Encoding   

  12  0:11  Drone  
  12  0:12  Drone  
  14  0:24  Extractor  
  14  0:26  Drone x2, Extractor  
  16  0:39  Overlord  
  16  1:05  Hatchery  
  16  1:06  Drone x2  
  16  1:07  Drone  
  18  1:23  Drone  
  19  1:26  Extractor  
  19  1:27  Spawning Pool  
  17  1:36  Drone  
  18  1:50  Overlord x2  
  19  2:02  Hatchery  
  18  2:15  Overlord, Queen  
  18  2:19  Overlord  
  20  2:45  Roach Warren  
  19  2:52  Extractor  
  18  3:09  Zergling x6  
  18  3:12  Metabolic Boost  
  21  3:23  Zergling x2  
  21  3:25  Queen  
  24  3:44  Drone x2  
  26  3:53  Lair  
  26  4:04  Drone  
  26  4:05  Drone x3  
  30  4:22  Drone  
  30  4:23  Drone x2  
  30  4:54  Roach x5  
  30  4:55  Roach x2  
  44  5:02  Drone  
  44  5:03  Extractor  
  44  5:04  Extractor  
  43  5:18  Spore Crawler  
  43  5:20  Spore Crawler  
  40  5:24  Roach x2  
  40  5:25  Roach  
  43  6:05  Spore Crawler  
  42  6:12  Zergling x4  
  42  6:13  Zergling x12  
  42  6:14  Zergling x10  
  55  6:21  Glial Reconstitution  
  55  6:49  Spore Crawler  
  55  6:53  Ravager x4  
  60  6:54  Ravager x2  
  60  6:56  Overlord  
  47  7:30  Zergling x6  
  47  7:31  Zergling x4  
  52  7:40  Ravager x2  
  51  7:52  Drone x2  
  43  8:07  Drone x2  
  39  8:39  Drone x4  
  39  8:40  Drone x2  
  32  8:51  Zergling x6  
  34  9:04  Infestation Pit  
  33  9:26  Burrow  
  32  9:39  Hatchery  
  30  9:49  Roach x4  
  30  9:50  Roach x3  
  43  9:59  Queen  
  45  10:07  Pathogen Glands  
  45  10:33  Roach x7  
  45  11:06  Infestor x2, Roach x6  
  45  11:07  Infestor x6  
  59  11:18  Drone  
  60  11:19  Drone x11  
  71  11:51  Spore Crawler, Spire  
  69  11:56  Roach x6  
  69  12:10  Roach x2  
  69  12:12  Overlord x5, Roach x5  
  71  12:27  Roach x3  
  71  12:35  Roach x4  
  71  12:36  Roach x6  
  71  12:37  Roach x2  
  85  12:55  Roach x2  
  85  12:56  Hydralisk Den, Roach  
  90  13:15  Ravager  
  90  13:27  Ravager x2  
  90  13:28  Ravager x6  
  90  13:29  Ravager x3  
  59  14:40  Corruptor  
  59  14:41  Corruptor x4  
  59  14:44  Drone x5  
  59  14:45  Drone x11  
  85  14:47  Extractor  
  85  14:50  Extractor  
  83  15:03  Evolution Chamber  
  83  15:05  Evolution Chamber  
  81  15:09  Evolution Chamber  
  80  15:17  Hatchery  
  80  15:20  Hatchery  
  78  16:01  Spine Crawler  
  78  16:02  Spine Crawler x2  
  75  16:04  Spine Crawler x2  
  75  16:05  Spine Crawler  
  75  16:07  Spine Crawler x3  
  69  17:06  Zergling x4  
  69  17:07  Zergling x14  
  78  17:26  Hatchery  
  77  17:40  Muscular Augments  
  77  17:48  Hatchery  
  76  18:02  Corruptor x4  
  76  18:03  Corruptor x4  
  73  18:42  Mutalisk x3  
  65  19:15  Drone  
  65  19:16  Drone x11  
  72  19:29  Drone x4  
  57  20:02  Lurker Den  
  57  20:03  Zergling x4  
  57  20:04  Zergling x14  
  57  20:05  Zergling x14  
  57  20:06  Zergling x6  
  76  20:11  Zerg Melee Weapons Level 1  
  76  20:12  Zerg Ground Armor Level 1  
  76  20:36  Zergling x24  
  76  20:37  Zergling x4  
  82  21:15  Zergling x2  
  82  21:16  Zergling x38  
  89  21:42  Zergling x6  
  89  21:43  Zergling x14  
  83  21:55  Zergling x4  
  83  21:56  Zergling x12  
  84  22:27  Zergling x8  
  84  22:28  Zergling x20  
  89  22:41  Corruptor x2  
  89  22:42  Corruptor x5  
  89  22:43  Corruptor x5  
  113  22:45  Spore Crawler  
  113  22:47  Spore Crawler x2  
  113  22:48  Spore Crawler  
  113  22:49  Spore Crawler x2  
  113  22:50  Spore Crawler x3  
  113  22:51  Spore Crawler x3  
  99  22:52  Spore Crawler  
  99  22:53  Spore Crawler x2  
Tags
 
Add a new tag
Caveats
  • Supply blocks, unpowered buildings, or Contaminate may cause inaccurate times.
  • Supply counts are checked every 10 seconds.